 Dungeon Crawl Stone Soup version 0.32-a0-172-gc5dd13f2a7 (webtiles) character file.

Game seed: 6813201746658998107

533368 Rexfelis the Slayer (level 24, -23/216 (219) HPs)
             Began as a Minotaur Berserker on Feb 11, 2024.
             Was a High Priest of Trog.
             Killed from afar by a quicksilver dragon (34 damage)
             ... with a bolt of dispelling energy
             ... on level 4 of the Realm of Zot on Feb 13, 2024.
             The game lasted 04:16:59 (72286 turns).

Rexfelis the Slayer (Minotaur Berserker)           Turns: 72286, Time: 04:17:00

HP:   -23/216 (219) AC: 41    Str: 33    XL:     24   Next: 50%
MP:   31/31         EV: 11    Int:  9    God:    Trog [*****.]
Gold: 2648          SH: 26    Dex:  8    Spells: 23/23 levels left

rFire   + + .        H - +9 broad axe (flame)
rCold   + . .        B - +5 Storm Queen's Shield {shock, Fly rElec}
rNeg    + . .        m - +8 gold dragon scales
rPois   +            (helmet restricted)
rElec   +            F - +1 cloak
rCorr   +            A - +2 pair of gloves
SInv    .            V - +2 pair of boots
Will    +++..        k - amulet of reflection Stlth
                     o - ring of protection from fire
HPRegen 1.56/turn    C - ring of Onkopyl {rN+ rCorr MP+9 Str-2}
MPRegen 0.22/turn

%: reflection
@: strong-willed, flying, regenerating, lightly drained
A: horns 2, retaliatory headbutt, clever 1, frail 1, strong 1
}: 3/15 runes: decaying, serpentine, abyssal
a: Renounce Religion, Berserk, Trog's Hand, Brothers in Arms


You were on level 4 of the Realm of Zot.
You worshipped Trog.
Trog was extremely pleased with you.
You visited 10 branches of the dungeon, and saw 46 of its levels.
You visited the Abyss 2 times.
You also visited: Sewer, Ossuary, Gauntlet, Ice Cave and Volcano.

You collected 7720 gold pieces.
You spent 5072 gold pieces at shops.

Inventory:

Hand Weapons
 H - a +9 broad axe of flaming (weapon)
 Y - a +9 antimagic demon whip
Missiles
 i - 19 curare-tipped darts
 n - 6 throwing nets
 s - 12 silver javelins (quivered)
Armour
 m - +8 gold dragon scales (worn)
 A - a +2 pair of gloves (worn)
 B - the +5 Storm Queen's Shield (worn) {shock, Fly rElec}
   (You found it on level 12 of the Dungeon)

   Shock:     When it blocks an attack, it may electrocute the attacker.
   This works even against foes who are a short distance away.
   rElec:     It insulates you from electricity.
   Fly:       It grants you flight.
 F - a +1 cloak (worn)
 V - a +2 pair of boots (worn)
Jewellery
 k - an amulet of reflection (around neck)
 o - a ring of protection from fire (left hand)
 q - a ring of protection from cold
 u - a ring of see invisible
 C - the ring of Onkopyl (right hand) {rN+ rCorr MP+9 Str-2}
   (You found it on level 4 of the Dungeon)

   [ring of magical power]

   Str-2:     It affects your strength (-2).
   rN+:       It protects you from negative energy.
   MP+9:      It affects your magic capacity (+9).
   rCorr:     It protects you from acid and corrosion.
 Z - a ring of positive energy
Wands
 E - a wand of iceblast (29)
 M - a wand of charming (30)
 R - a wand of polymorph (13)
 T - a wand of mindburst (17)
 U - a wand of light (31)
 X - a wand of digging (7)
Scrolls
 b - 5 scrolls of blinking
 d - 5 scrolls of revelation
 e - 2 scrolls of immolation
 h - 2 scrolls of torment
 p - 27 scrolls of teleportation
 r - 2 scrolls of brand weapon
 v - 7 scrolls of noise
 y - 14 scrolls of fog
 D - a scroll of enchant weapon
 G - 5 scrolls of poison
 Q - 6 scrolls of vulnerability
 W - 7 scrolls of fear
Potions
 a - 6 potions of mutation
 c - 6 potions of berserk rage
 f - 11 potions of haste
 g - 10 potions of attraction
 j - 6 potions of cancellation
 l - 17 potions of curing
 t - 12 potions of lignification
 w - 3 potions of resistance
 x - 12 potions of heal wounds
 I - 5 potions of magic
 J - 9 potions of invisibility
 K - 11 potions of enlightenment
 N - 19 potions of might
 P - 7 potions of ambrosia
Miscellaneous
 L - a box of beasts
 O - a tin of tremorstones (2/2)
 S - a phial of floods


   Skills:
 + Level 25.7 Fighting
 - Level 18.0 Axes
 - Level 2.1(12.0) Maces & Flails
 - Level 16.0 Throwing
 + Level 20.1 Armour
 + Level 18.0 Dodging
 - Level 25.0 Shields
 + Level 12.7 Evocations


You had 23 spell levels left.
You didn't know any spells.
Your spell library contained the following spells:

 Spells                   Type           Power      Damage    Failure   Level
 Apportation              Tloc           0%         N/A       98%         1
 Magic Dart               Conj           0%         1d3       98%         1
 Necrotise                Necr           0%         1d4       98%         1
 Sandblast                Erth           0%         2d4       98%         1
 Sting                    Conj/Alch      0%         1d3       98%         1
 Summon Small Mammal      Summ           0%         N/A       98%         1
 Blink                    Tloc           0%         N/A       99%         2
 Call Imp                 Summ           0%         N/A       99%         2
 Momentum Strike          Conj/Tloc      0%         3d8       99%         2
 Passwall                 Erth           0%         N/A       100%        3
 Stone Arrow              Conj/Erth      0%         3d7       100%        3
 Teleport Other           Tloc           0%         N/A       100%        3
 Tukima's Dance           Hex            0%         N/A       100%        3
 Animate Armour           Summ/Erth      0%         N/A       100%        4
 Brom's Barrelling Bould  Conj/Erth      0%         2d3       100%        4
 Dimensional Bullseye     Hex/Tloc       0%         N/A       100%        4
 Flame Wave               Conj/Fire      0%         2d4       100%        4
 Fulminant Prism          Conj/Alch      0%         3d5       100%        4
 Ignite Poison            Fire/Alch      0%         N/A       100%        4
 Iskenderun's Mystic Bla  Conj/Tloc      0%         2d3       100%        4
 Passage of Golubria      Tloc           0%         N/A       100%        4
 Sticky Flame             Fire/Alch      0%         2d4       100%        4
 Summon Blazeheart Golem  Fire/Summ      0%         N/A       100%        4
 Summon Lightning Spire   Summ/Air       0%         N/A       100%        4
 Fireball                 Conj/Fire      0%         3d3       100%        5
 Silence                  Hex/Air        0%         N/A       100%        5
 Starburst                Conj/Fire      0%         6d3       100%        6
 Malign Gateway           Summ/Tloc      0%         N/A       100%        7
 Ignition                 Fire           0%         3d3       100%        8
 Lehudib's Crystal Spear  Conj/Erth      0%         10d2      100%        8


Dungeon Overview and Level Annotations

Branches:
Dungeon (15/15)            Temple (1/1) D:4            Lair (5/5) D:11
  Swamp (4/4) Lair:2        Snake (4/4) Lair:2        Slime (0/5) Lair:4
    Orc (2/2) D:9             Elf (3/3) Orc:2        Vaults (4/5) D:14
  Crypt (0/3) Vaults:3     Depths (4/4) D:15            Zot (4/5) Depths:4
  Sewer (visited)         Ossuary (visited)           IceCv (visited)
Volcano (visited)         Gauntlet (visited)

Altars:
Ashenzari
Cheibriados
Dithmenos
Elyvilon
Fedhas
Gozag
Hepliaklqana
Kikubaaqudgha
Makhleb
Nemelex Xobeh
Okawaru
Qazlal
Ru
Sif Muna
Trog
Uskayaw
Vehumet
Wu Jian
Xom
Yredelemnul
Zin
The Shining One
Jiyva

Shops:
D:2 *   D:11 (   D:13 [   D:14 *[*   Orc:2 **[:(   Elf:1 [   Elf:3 *
Snake:2 *   Snake:4 (   Vaults:1 [   Vaults:3 !   Vaults:4 :   Zot:2 *
Zot:4 *

Portals:
Hell: Depths:1 Depths:2 Depths:3 Depths:4
Abyss: Depths:2 Depths:3
Pandemonium: Depths:2 Depths:3
Ziggurat: Depths:1

Annotations:
D:6 Jeremiah
D:12 3 runed translucent doors
Snake:4 Roxanne
Depths:3 1 runed translucent door, Jajuenucs's ghost, veteran GnWn
Zot:4 exclusion: obsidian statue, Pessaschasee's ghost, legendary HOFi


Innate Abilities, Weirdness & Mutations

You have a pair of horns on your head.
You reflexively headbutt those who attack you in melee.
Your mind is acute. (Int +4, Str/Dex -1)
You are frail. (-10% HP)
Your muscles are strong. (Str +4, Int/Dex -1)


Message History

You hit Pessaschasee's ghost but do no damage.
You block Pessaschasee's ghost's attack.
You block the quicksilver dragon's attack. x2
You barely miss the quicksilver dragon. You headbutt the quicksilver dragon!
The quicksilver dragon is almost dead.
You barely miss Pessaschasee's ghost.
The quicksilver dragon breathes dispelling energy at you.
The bolt of dispelling energy misses you.
The shadow dragon breathes negative energy at you.
The bolt of negative energy misses the death cob.
The bolt of negative energy hits Pessaschasee's ghost.
Pessaschasee's ghost completely resists.
The bolt of negative energy hits you! You partially resist.
You feel drained.
You slash the quicksilver dragon! You burn the quicksilver dragon.
Your headbutt misses the quicksilver dragon.
The quicksilver dragon is almost dead.
You hit Pessaschasee's ghost. Pessaschasee's ghost hits you!
* * * LOW HITPOINT WARNING * * *
The quicksilver dragon bites you.
* * * LOW HITPOINT WARNING * * *
You block the quicksilver dragon's attack.
As you read the scroll of teleportation, it crumbles to dust.
You feel strangely unstable.
You feel the Orb delaying your translocation!
The quicksilver dragon bites you!
* * * LOW HITPOINT WARNING * * *
The quicksilver dragon closely misses you.
Pessaschasee's ghost hits you!!
* * * LOW HITPOINT WARNING * * *
You block the purple draconian's attack.
Your shield discharges, shocking the purple draconian!
You feel much better.
The purple draconian breathes dispelling energy at you.
The bolt of dispelling energy hits you!
You feel strangely stable.
* * * LOW HITPOINT WARNING * * *
You block Pessaschasee's ghost's attack.
The quicksilver dragon breathes dispelling energy at you.
The bolt of dispelling energy hits you!!
You die...

..##.# ##∩ß.##..............#
####.# #.$$$$#..............#
####+#######ß.$$$'..............#
...........#∩$I_$'..............#
...........#ß$$$$'..............#
...........#!$$$.#..............#
...........##.ßD##D.............#
............#####WD.............#
................@z..............#
................Dd..............#
................................#
................................#
...............................>#
................................#
................................#
................................#
#################################


You could see a shadow dragon (catching breath), a storm dragon, a purple
draconian (catching breath), a death cob, a quicksilver dragon (catching breath)
and Pessaschasee's ghost.

Vanquished Creatures
  Mara (Swamp:3)
  2 juggernauts
  Xtahua (Vaults:3)
  A shard shrike (Zot:3)
  Josephina (Zot:2)
  Bai Suzhen (Elf:3)
  Boris (Depths:1)
  2 Killer Klowns
  Saint Roka (Elf:3)
  Vashnia (Snake:2)
  Margery (Vaults:2)
  A curse toe (Zot:1)
  2 caustic shrikes (Depths:4)
  Norris (Vaults:2)
  5 golden dragons
  An electric golem (Zot:2)
  3 hellephants
  2 liches
  13 tentacled monstrosities
  A walking crystal tome (Depths:3)
  Zenata (Vaults:3)
  7 quicksilver dragons
  A walking frostbound tome (Depths:4)
  3 deep elf blademasters (Elf:3)
  Mlioglotl (Snake:2)
  2 deep elf master archers (Elf:3)
  2 titans
  An Executioner (Abyss:3)
  3 sphinxes
  8 death cobs
  Frances (D:12)
  4 tentacled starspawn (Abyss:3)
  3 shadow dragons
  5 storm dragons
  Aizul (Snake:3)
  12 nagarajas (Snake:4)
  2 tengu reavers
  Donald (Elf:3)
  12 fire giants
  2 thorn hunters
  A draconian knight (Zot:1)
  7 frost giants
  An azure jelly (Swamp:4)
  3 draconian monks
  8 vault wardens
  2 ghost moths
  5 deep elf sorcerers (Elf:3)
  3 daevas
  6 draconian shifters
  An iron dragon (Depths:3)
  A balrug (D:13)
  5 draconian scorchers
  An angel (D:15)
  3 deep elf elementalists
  2 orc warlords
  A reaper (Depths:2)
  5 very ugly things
  2 draconian stormcallers
  2 cacodemons (D:13)
  3 draconian annihilators
  19 ironbound preservers
  3 formless jellyfish
  7 ironbound thunderhulks
  10 stone giants
  A caustic shrike skeleton (Abyss:3)
  7 green draconians
  2 deep elf demonologists
  2 vampire knights
  3 eleionomae
  The ghost of cforsyth the Warrior, a journeyman DjHs (D:13)
  5 deep elf death magi
  A lorocyproca (Depths:2)
  5 black draconians
  7 white draconians
  11 dire elephants
  7 deep elf annihilators
  4 red draconians
  Azrael (D:14)
  7 purple draconians
  A minotaur (Gauntlet)
  6 yellow draconians
  7 spark wasps
  2 war gargoyles
  A bunyip (Swamp:4)
  A blizzard demon (D:13)
  A crystal guardian (Vaults:3)
  A jiangshi (Depths:2)
  5 fire dragons
  9 ettins
  3 deep elf high priests (Elf:3)
  A rakshasa (Depths:1)
  11 great orbs of eyes
  8 yaktaur captains
  3 peacekeepers
  2 salamander tyrants (Snake:4)
  A catoblepas (D:13)
  3 spriggan air magi
  An anaconda (shapeshifter) (Depths:3)
  5 ogre magi
  3 vault guards
  10 ice dragons
  7 alligators
  5 ghost crabs
  12 hydras
  6 ironbound frosthearts
  2 death knights
  6 deep troll shamans
  16 two-headed ogres
  20 dancing weapons
  11 anacondas
  20 death yaks
  9 centaur warriors
  7 deep troll earth magi
  3 boulder beetles
  9 tengu warriors
  16 naga warriors
  A sphinx skeleton (Vaults:3)
  3 hell hogs (Depths:1)
  A vampire mage (Depths:2)
  A shock serpent (shapeshifter) (D:15)
  2 occultists (Depths:2)
  15 naga sharpshooters
  Nergalle (D:11)
  A satyr (Abyss:3)
  5 thrashing horrors (Abyss:3)
  5 spriggan berserkers
  An orc high priest (Orc:1)
  10 shock serpents
  13 deep elf knights
  The ghost of Gangsterbeez the Basher, a novice MiFi of the Shining One (D:7)
  Urug (Lair:5)
  3 sun demons
  4 skysharks
  8 hell knights
  A spectral death yak (Lair:5)
  11 iron trolls
  2 skeletal warriors
  A skyshark (shapeshifter) (Depths:1)
  2 wretched stars (Abyss:3)
  2 shadow wraiths
  A sixfirhy (Depths:3)
  54 deep trolls
  A quicksilver dragon simulacrum (Zot:2)
  7 goliath frogs
  A shadow demon (Depths:3)
  2 spriggan druids (Swamp:2)
  10 mana vipers
  4 swamp dragons
  A spectral anaconda (Lair:5)
  8 salamander mystics
  6 deep elf archers
  4 bog bodies
  8 arcanists
  5 lindwurms
  An obsidian statue (Lair:5)
  5 naga ritualists
  A harpy (shapeshifter) (Elf:1)
  A phantasmal warrior (Vaults:2)
  16 ironbound convokers
  40 deep elf pyromancers
  18 deep elf zephyrmancers
  10 harpies
  3 orc knights
  3 orc sorcerers
  2 wolf spiders (Lair:5)
  A wolf spider (shapeshifter) (Vaults:2)
  30 ugly things
  6 cyclopes
  A frost giant zombie (Vaults:3)
  11 necromancers
  5 manticores
  An elf skeleton (Vaults:4)
  21 moths of wrath
  A cyclops (shapeshifter) (Depths:3)
  10 salamanders
  3 worldbinders (Abyss:3)
  Maurice (D:11)
  An elephant (shapeshifter) (Depths:4)
  19 vault sentinels
  9 elephants
  3 rust devils
  A dire elephant zombie (Lair:5)
  An ice statue (IceCv)
  7 guardian serpents
  An eye of devastation (shapeshifter) (Vaults:2)
  2 stone giant skeletons (Vaults:3)
  16 naga magi
  2 kobold blastminers
  31 black mambas
  4 smoke demons
  A yaktaur zombie (Vaults:4)
  4 large abominations (Abyss:3)
  A gargoyle (D:11)
  A human zombie (Vaults:4)
  10 cane toads
  2 torpor snails
  A rime drake (shapeshifter) (D:14)
  4 centaur skeletons (D:14)
  An orange demon (Abyss:3)
  8 komodo dragons
  4 kobold demonologists
  2 efreet
  27 yaktaurs
  4 tengu conjurers
  14 freezing wraiths
  9 rime drakes
  A tormentor (Abyss:3)
  A queen bee (shapeshifter) (Abyss:3)
  9 trolls
  A red devil (D:13)
  A hellwing (D:13)
  2 ancient zymes (Abyss:3)
  5 polar bears
  11 tyrant leeches
  9 hornets
  2 glass eyes (Gauntlet)
  4 raiju
  22 blink frogs
  2 spectral elephants (Lair:5)
  3 dream sheep
  2 draconian simulacra (Zot:2)
  6 air elementals
  Sigmund (D:3)
  2 centaur simulacra
  36 slime creatures
  14 spriggans
  4 shadows
  A vampire (D:10)
  6 wyverns
  7 basilisks
  Eustachio (D:6)
  A ynoxinul (Abyss:3)
  A dire elephant simulacrum (Lair:5)
  2 wraiths
  7 water elementals
  54 yaks
  5 fire elementals
  5 wargs
  12 vampire mosquitoes
  A warg (shapeshifter) (D:14)
  3 neqoxecs
  3 chaos spawn (Gauntlet)
  A death yak simulacrum (Lair:5)
  4 swamp worm simulacra (Swamp:4)
  Menkaure (Ossuary)
  5 steam dragons
  21 swamp worms
  Edmund (D:6)
  An acid dragon (D:12)
  A spectral cane toad (Lair:5)
  46 nagas
  14 hydra simulacra
  18 water moccasins
  A meliai simulacrum (D:14)
  7 hell hounds
  21 orc warriors
  2 swamp drakes
  A laughing skull (Abyss:3)
  3 black bears
  An elephant zombie (Lair:5)
  24 ogres
  3 boggarts
  A centaur (shapeshifter) (D:14)
  An elephant skeleton (Lair:5)
  2 phantoms (D:6)
  27 wolves
  7 centaurs
  2 brain worms (Abyss:3)
  An elf simulacrum (Vaults:3)
  14 bullfrogs
  3 kobold brigands (D:14)
  5 earth elementals
  2 cane toad simulacra (Lair:5)
  A human simulacrum (Vaults:4)
  2 scorpions
  A wight (Abyss:3)
  A troll zombie (D:9)
  12 killer bees
  3 elephant simulacra (Lair:5)
  7 howler monkeys
  4 electric eels
  A crimson imp (Gauntlet)
  2 bombardier beetles
  6 jellies
  A centaur zombie (Ossuary)
  2 gnoll boudas
  2 hounds
  18 orc priests
  2 starcursed masses (Abyss:3)
  Ijyb (D:3)
  3 iguanas
  Natasha (twice) (D:4)
  17 orc wizards
  11 ogre zombies
  6 mummies (Ossuary)
  23 gnolls
  2 river rats (D:4)
  11 adders
  A shadow imp (D:6)
  14 white imps
  2 ufetubi (D:6)
  3 swamp drake simulacra (Swamp:4)
  3 adder zombies (Ossuary)
  10 dart slugs
  3 ribbon worms
  70 orcs
  7 ball pythons
  7 endoplasms
  16 giant cockroaches
  4 gnoll zombies
  4 goblins
  7 hobgoblins
  9 jackals
  A quokka (D:4)
  3 training dummies (Orc:2)
  7 bats
  11 frilled lizards
  4 gnoll skeletons (D:9)
  2 goblin zombies (Ossuary)
  4 hobgoblin zombies (Ossuary)
  7 kobolds
  6 kobold zombies (Ossuary)
  3 orc skeletons (D:9)
  16 orc zombies (D:9)
  4 quokka zombies (Ossuary)
  9 rats
  4 rat zombies (Ossuary)
  A butterfly (Lair:1)
  2 starspawn tentacles (Abyss:3)
1974 creatures vanquished.

Vanquished Creatures (collateral kills)
  Sojobo (Vaults:4)
  A deep elf blademaster (Elf:3)
  A tengu reaver (Vaults:4)
  3 black draconians (Depths:4)
  A yellow draconian (Depths:4)
  An ironbound frostheart (Vaults:4)
  5 dancing weapons
  3 two-headed ogres (Orc:2)
  A naga warrior (Snake:2)
  2 naga sharpshooters
  A deep elf knight (Elf:2)
  A storm dragon zombie (Vaults:4)
  A deep troll (Vaults:1)
  A mana viper (Snake:2)
  A necromancer (Vaults:4)
  3 deep elf zephyrmancers (Elf:2)
  A salamander (Snake:3)
  A black mamba (Snake:3)
  2 nagas (Snake:3)
  An orc priest (Orc:2)
  An orc wizard (Orc:2)
  3 white imps (Orc:2)
  An orc (Orc:2)
37 creatures vanquished.

Vanquished Creatures (others)
  A deep elf sorcerer (Elf:3)
  A white draconian (Zot:3)
  A jiangshi (Depths:2)
  2 alligators
  A naga warrior (Snake:4)
  2 deep elf knights
  2 spriggan druids
  A will-o-the-wisp (Swamp:4)
  A naga mage (Snake:1)
  2 bloated husks
  A draconian simulacrum (Zot:2)
  A spriggan (Swamp:3)
  A swamp worm simulacrum (Swamp:4)
  2 foxfires (Swamp:4)
  A lurking horror (Abyss:3)
  12 starspawn tentacles (Abyss:3)
32 creatures vanquished.

Grand Total: 2043 creatures vanquished

Notes
Turn   | Place    | Note
-------+----------+-------------------------------------------
     0 | D:1      | Rexfelis the Minotaur Berserker began the quest for the
                  | Orb.
     0 | D:1      | Reached XP level 1. HP: 19/19 MP: 0/0
   229 | D:1      | Reached XP level 2. HP: 22/27 MP: 1/1
  1243 | D:2      | Reached XP level 3. HP: 33/33 MP: 2/2
  1393 | D:2      | Found Hatofeof's General Store.
  1398 | D:2      | Bought a scroll of identify for 26 gold pieces
  1763 | D:2      | Reached ** piety under Trog
  1810 | D:3      | Reached skill level 1 in Throwing
  1879 | D:3      | Reached XP level 4. HP: 40/40 MP: 3/3
  1921 | D:3      | Found a faded altar of an unknown god.
  2026 | D:3      | Noticed Sigmund
  2030 | D:3      | Noticed Ijyb
  2032 | D:3      | Killed Sigmund
  2033 | D:3      | Reached skill level 5 in Axes
  2033 | D:3      | Reached XP level 5. HP: 46/46 MP: 4/4
  2047 | D:3      | Killed Ijyb
  2048 | D:3      | Reached XP level 6. HP: 31/52 MP: 5/5
  2762 | D:4      | Found a staircase to the Ecumenical Temple.
  2770 | D:4      | Identified the ring of Onkopyl {rN+ rCorr MP+9 Str-2}
  2790 | D:4      | Reached skill level 1 in Evocations
  2857 | D:4      | Reached *** piety under Trog
  2922 | D:4      | Found a glowing drain.
  2927 | Sewer    | Entered a sewer
  3269 | Sewer    | Reached XP level 7. HP: 59/59 MP: 6/6
  3790 | D:4      | Noticed Natasha
  3799 | D:4      | Killed Natasha
  4156 | D:4      | Noticed Natasha
  4162 | D:4      | Killed Natasha
  4211 | Temple   | Entered the Ecumenical Temple
  4230 | D:5      | Entered Level 5 of the Dungeon
  4326 | D:5      | Reached **** piety under Trog
  4373 | D:5      | Reached XP level 8. HP: 48/66 MP: 7/7
  4626 | D:5      | Reached skill level 10 in Axes
  4802 | D:5      | Found a sand-covered staircase.
  4845 | Ossuary  | Entered an ossuary
  4902 | Ossuary  | Noticed Menkaure
  4915 | Ossuary  | Killed Menkaure
  5577 | D:6      | Noticed Jeremiah
  5646 | D:6      | Reached ***** piety under Trog
  5822 | D:6      | Noticed Edmund
  5831 | D:6      | Killed Edmund
  5936 | D:6      | Noticed Eustachio
  5946 | D:6      | Reached XP level 9. HP: 71/71 MP: 8/8
  5961 | D:6      | Killed Eustachio
  6359 | D:7      | Reached skill level 5 in Fighting
  6370 | D:7      | Reached skill level 5 in Armour
  6755 | D:7      | Found a glowing silver altar of Zin.
  6915 | D:7      | Found a transporter.
  6917 | D:7      | Noticed a troll
  6917 | D:7      | Noticed Gangsterbeez's ghost (novice MiFi)
  6937 | D:7      | Found a transporter.
  7897 | D:9      | Found a staircase to the Orcish Mines.
  7913 | D:10     | Entered Level 10 of the Dungeon
  8577 | D:9      | Reached XP level 10. HP: 79/84 MP: 9/9
  9362 | D:10     | Noticed a two-headed ogre
  9375 | D:10     | Killed a two-headed ogre
  9493 | D:10     | Reached skill level 15 in Axes
  9772 | D:10     | Found a hazy altar of Hepliaklqana.
  9803 | D:10     | Found a sacrificial altar of Ru.
  9905 | D:10     | Received a gift from Trog
 10130 | D:10     | Identified the +5 hand axe of the Freezing God {flame, rN+
                  | Dex+3 Stlth+}
 10307 | D:10     | Noticed a two-headed ogre
 10319 | D:10     | Killed a two-headed ogre
 10320 | D:10     | Reached XP level 11. HP: 68/97 MP: 10/10
 10802 | D:11     | Reached skill level 10 in Fighting
 10855 | D:11     | Noticed a two-headed ogre
 10862 | D:11     | Killed a two-headed ogre
 11354 | D:11     | Found a staircase to the Lair.
 11586 | D:11     | Noticed Maurice
 11588 | D:11     | Something stole the ring of Onkopyl {rN+ rCorr MP+9 Str-2}
 11589 | D:11     | Something stole 5 silver javelins
 11590 | D:11     | Killed Maurice
 11818 | D:11     | Reached ****** piety under Trog
 11942 | D:11     | Noticed a centaur warrior
 11953 | D:11     | Killed a centaur warrior
 12228 | D:11     | Noticed Nergalle
 12243 | D:11     | Killed Nergalle
 12243 | D:11     | Received a gift from Trog
 12255 | D:11     | Reached XP level 12. HP: 74/115 MP: 11/11
 12317 | D:11     | Found Qaahalos's Antique Weapon Boutique.
 12483 | D:11     | You fall into a shaft and drop 1 floor!
 12517 | D:12     | Found a runed translucent door.
 12521 | D:12     | Noticed a spark wasp
 12525 | D:12     | Found a runed translucent door.
 12525 | D:12     | Found the +5 Storm Queen's Shield {shock, Fly rElec}
 12526 | D:12     | Noticed a storm dragon
 12623 | D:12     | Noticed Frances
 12638 | D:12     | Killed Frances
 13493 | D:11     | Bought a runed demon whip for 378 gold pieces
 13693 | D:7      | Killed Gangsterbeez's ghost
 13694 | D:7      | Reached skill level 1 in Maces & Flails
 14048 | Lair:1   | Entered Level 1 of the Lair of Beasts
 14467 | Lair:1   | Reached skill level 15 in Fighting
 14736 | Lair:1   | Got the Spellbook of Shared Blasting
 14771 | Lair:1   | Reached skill level 5 in Throwing
 15297 | Lair:2   | Found a gate leading to a gauntlet.
 15312 | Gauntlet | Entered a Gauntlet
 15312 | Gauntlet | Found a transporter.
 15312 | Gauntlet | Found a transporter.
 15328 | Gauntlet | Found a transporter.
 15332 | Gauntlet | Found a transporter.
 15348 | Gauntlet | Found a transporter.
 15363 | Gauntlet | Found a transporter.
 15369 | Gauntlet | Found a transporter.
 15377 | Gauntlet | Found a transporter.
 15395 | Gauntlet | Found a transporter.
 15403 | Gauntlet | Found a transporter.
 15420 | Gauntlet | Found a transporter.
 15448 | Gauntlet | Found a transporter.
 15714 | Gauntlet | Received a gift from Trog
 15778 | Gauntlet | Identified the +10 sling of Sloth {elec, Int+3}
 15778 | Gauntlet | Identified the +8 shortbow of Compound Interest {freeze,
                  | Int+3 Dex+4}
 15778 | Gauntlet | Noticed a minotaur
 15790 | Gauntlet | Killed a minotaur
 15982 | Gauntlet | Got the Essays on the Compass
 16307 | Lair:2   | Reached skill level 5 in Dodging
 16355 | Lair:2   | Reached XP level 13. HP: 127/127 MP: 12/12
 16379 | Lair:2   | Found a staircase to the Snake Pit.
 16383 | Lair:2   | Reached skill level 1 in Shields
 16796 | Lair:2   | Reached skill level 5 in Shields
 16892 | Lair:2   | Found a staircase to the Swamp.
 18123 | Lair:3   | Reached skill level 10 in Shields
 18701 | Lair:4   | Received a gift from Trog
 18803 | Lair:4   | Found a dark tunnel.
 18815 | Volcano  | Entered a volcano
 19165 | Volcano  | Reached XP level 14. HP: 116/135 MP: 13/13
 19547 | Lair:4   | Found a viscous altar of Jiyva.
 19548 | Lair:4   | Found a staircase to the Slime Pits.
 20099 | Lair:5   | Entered Level 5 of the Lair of Beasts
 20746 | Lair:5   | Received a gift from Trog
 20747 | Lair:5   | Reached skill level 15 in Shields
 21373 | Lair:5   | Identified the staff of Ofeiluck {^Drain rElec rPois rC+
                  | Tloc Ice}
 21625 | Lair:5   | Noticed Urug
 21635 | Lair:5   | Killed Urug
 22013 | Lair:5   | Found the +2 Maxwell's thermic engine {flame, freeze, rev}
 22145 | Lair:5   | Received a gift from Trog
 22480 | Orc:1    | Entered Level 1 of the Orcish Mines
 22518 | Orc:1    | Reached XP level 15. HP: 90/141 MP: 14/14
 22884 | Orc:2    | Entered Level 2 of the Orcish Mines
 22911 | Orc:2    | Found Oxzyunk's Firing Range.
 22944 | Orc:2    | Found a staircase to the Elven Halls.
 22971 | Orc:2    | Found a frozen archway.
 22982 | Orc:2    | Received a gift from Trog
 23040 | Orc:2    | Paralysed by an ogre mage for 4 turns
 23075 | IceCv    | Entered an ice cave
 23795 | IceCv    | Noticed a frost giant
 23809 | IceCv    | Killed a frost giant
 24330 | Orc:2    | Found Myfocos's Assorted Antiques.
 24330 | Orc:2    | Found Wuamump's Assorted Antiques.
 24331 | Orc:2    | Found Lafiq's Antique Armour Emporium.
 24331 | Orc:2    | Found Kyal's Book Shop.
 24849 | Orc:1    | Received a gift from Trog
 25099 | Orc:2    | Bought a scroll of brand weapon for 361 gold pieces
 25506 | Swamp:1  | Entered Level 1 of the Swamp
 25732 | Swamp:1  | Noticed a thorn hunter
 25738 | Swamp:1  | Killed a thorn hunter
 26013 | Swamp:1  | Reached XP level 16. HP: 143/149 MP: 15/15
 26583 | Swamp:2  | Received a gift from Trog
 27440 | Swamp:2  | Upgraded the game from 0.32-a0-163-g159c032296 to
                  | 0.32-a0-172-gc5dd13f2a7
 27930 | Swamp:3  | Noticed Mara
 27931 | Swamp:3  | Noticed Rexfelis's illusion
 28206 | Swamp:3  | Identified the +1 quarterstaff of Ceff {venom, Dex+5}
 28302 | Swamp:3  | Noticed Rexfelis's illusion
 28312 | Swamp:3  | Killed Mara
 28892 | Swamp:4  | Entered Level 4 of the Swamp
 29475 | Swamp:4  | Noticed a thorn hunter
 29490 | Swamp:4  | Killed a thorn hunter
 30131 | Swamp:4  | Received a gift from Trog
 30442 | Swamp:4  | Got a decaying rune of Zot
 30610 | Snake:1  | Entered Level 1 of the Snake Pit
 30623 | Snake:1  | Identified the +6 chain mail "Josh" {Regen+}
 30693 | Snake:1  | Found a glowing silver altar of Zin.
 30897 | Snake:1  | Reached XP level 17. HP: 152/156 MP: 16/16
 31177 | Snake:2  | Noticed Mlioglotl
 31443 | Snake:2  | Reached skill level 5 in Evocations
 31459 | Snake:2  | Killed Mlioglotl
 31462 | Snake:2  | Noticed Vashnia
 31476 | Snake:2  | Found Nyiqet's Assorted Antiques.
 31553 | Snake:2  | Bought a potion of heal wounds for 155 gold pieces
 31553 | Snake:2  | Bought a scroll of blinking for 232 gold pieces
 31660 | Snake:2  | Killed Vashnia
 31833 | Snake:2  | You fall into a shaft and drop 1 floor!
 32297 | Snake:3  | Identified the serpent talisman "Gess" {Int+4}
 32297 | Snake:3  | Noticed Aizul
 32314 | Snake:3  | Killed Aizul
 32421 | Snake:3  | Found an ancient bone altar of Kikubaaqudgha.
 32517 | Snake:3  | Received a gift from Trog
 32924 | Snake:4  | Entered Level 4 of the Snake Pit
 33369 | Snake:4  | Reached skill level 10 in Armour
 33761 | Snake:4  | Identified the +8 dagger "Clean Eviscerator" {antimagic,
                  | Will++ Str-5 SInv} (Trog gifted it to you on level 4 of the
                  | Snake Pit)
 33761 | Snake:4  | Received a gift from Trog
 33961 | Snake:4  | Reached XP level 18. HP: 162/168 MP: 17/17
 34956 | Snake:4  | Got a serpentine rune of Zot
 35065 | Snake:4  | Found Reoddob's Antique Weapon Shoppe.
 35070 | Snake:4  | Received a gift from Trog
 35084 | Snake:4  | Noticed Roxanne
 35156 | Snake:4  | Identified a scroll of acquirement
 35157 | Snake:4  | Acquired 686 gold pieces
 35851 | Orc:2    | Bought runed gold dragon scales for 2158 gold pieces
 36374 | Elf:1    | Entered Level 1 of the Elven Halls
 36530 | Elf:1    | Found Dukaur's Antique Armour Boutique.
 37410 | Elf:1    | Paralysed by an air elemental for 1 turns
 37460 | Elf:1    | Received a gift from Trog
 37498 | Elf:1    | Paralysed by an air elemental for 1 turns
 37849 | Elf:2    | Paralysed by an air elemental for 1 turns
 38050 | Elf:2    | Reached skill level 10 in Dodging
 38225 | Elf:2    | Found a runed translucent gate.
 38226 | Elf:2    | Found a runed translucent gate.
 38226 | Elf:2    | Found a runed translucent gate.
 38249 | Elf:2    | Paralysed by an air elemental for 1 turns
 38252 | Elf:2    | Paralysed by an air elemental for 1 turns
 38587 | Elf:2    | Reached skill level 10 in Throwing
 39088 | Elf:2    | Reached XP level 19. HP: 154/179 MP: 18/18
 39340 | Elf:2    | Received a gift from Trog
 39511 | Elf:2    | Identified the blade talisman of the Slorg {rN++}
 39747 | Elf:3    | Entered Level 3 of the Elven Halls
 39954 | Elf:3    | Noticed Donald
 39984 | Elf:3    | Killed Donald
 40018 | Elf:3    | Noticed Bai Suzhen
 40048 | Elf:3    | Killed Bai Suzhen
 40535 | Elf:3    | Found Xeovvoh's General Store.
 40553 | Elf:3    | Noticed Saint Roka
 40568 | Elf:3    | Killed Saint Roka
 41724 | Elf:3    | Identified the +1 chain mail "Lannyps" {Slay+2}
 41727 | Elf:3    | Identified the +2 triple sword of Internal Strife {drain,
                  | rN+}
 41739 | Elf:3    | Identified the +7 falchion of Xafy {drain, rElec rC+ Str+2
                  | Int-2}
 42130 | Elf:3    | Identified the +1 robe "Raugul" {rF- rC+ Dex+3}
 42156 | Abyss:3  | Cast into level 3 of the Abyss (a deep elf sorcerer)
 42262 | Abyss:3  | Noticed a bone dragon
 42284 | Abyss:3  | Got an abyssal rune of Zot
 42295 | Abyss:3  | Received a gift from Trog
 42579 | Abyss:3  | Gained mutation: Your mind is acute. (Int +4, Str/Dex -1)
                  | [a neqoxec]
 42631 | Abyss:3  | Found a corrupted altar of Lugonu.
 42649 | Elf:3    | Escaped the Abyss
 43140 | Elf:3    | Identified the staff of Terra Cotta {Fly rPois Str+4 Dex+4
                  | Alchemy}
 43143 | Elf:3    | Identified the +9 arbalest of Foclith {penet, ^Fragile
                  | rPois Int+3}
 43158 | Elf:3    | Identified the +3 shortbow "Xacaogg" {elec, Str+4 Dex+3}
 43630 | Snake:4  | Bought a shimmering broad axe for 288 gold pieces
 43630 | Snake:4  | Identified the +7 broad axe "Undertaker" {antimagic, rC+
                  | Int+5} (You bought it in a shop on level 4 of the Snake
                  | Pit)
 43948 | D:12     | Received a gift from Trog
 44056 | D:12     | Found a runed translucent door.
 44129 | D:12     | Found a runed translucent door.
 44621 | D:13     | Found a runed translucent gate.
 44635 | D:13     | Found a runed translucent gate.
 44635 | D:13     | Found a runed translucent gate.
 44637 | D:13     | Noticed cforsyth's ghost (journeyman DjHs)
 45068 | D:13     | Found Rayphuti's Armour Boutique.
 45478 | D:13     | Gained mutation: Your muscles are strong. (Str +4, Int/Dex
                  | -1) [a cacodemon]
 45493 | D:13     | Gained mutation: You are frail. (-10% HP) [a cacodemon]
 45555 | D:13     | Found a burning altar of Makhleb.
 45637 | D:13     | Reached XP level 20. HP: 162/175 MP: 19/19
 45679 | D:13     | Identified the +3 quarterstaff of Unreason {freeze, rElec
                  | rC+}
 45681 | D:13     | Identified the ring "Kopad" {^Drain rPois rF+ rN+ Dex+5}
 46083 | D:13     | Received a gift from Trog
 46099 | D:13     | Killed cforsyth's ghost
 46337 | D:12     | Paralysed by an air elemental for 1 turns
 46728 | D:12     | Paralysed by an air elemental for 1 turns
 46733 | D:12     | Paralysed by an air elemental for 1 turns
 47927 | D:14     | Found Soddoruc's Armour Emporium.
 47929 | D:14     | Found Wegg's Assorted Antiques.
 47929 | D:14     | Found Olaame's Assorted Antiques.
 48186 | D:14     | Noticed Azrael
 48221 | D:14     | Killed Azrael
 48437 | D:14     | Received a gift from Trog
 48660 | D:14     | Found a gate to the Vaults.
 49130 | D:15     | Entered Level 15 of the Dungeon
 49421 | D:15     | Found a glowing golden altar of the Shining One.
 49447 | D:15     | Found a staircase to the Depths.
 49903 | Vaults:1 | Entered Level 1 of the Vaults
 50219 | Vaults:1 | Paralysed by a sphinx for 3 turns
 50368 | Vaults:1 | Reached skill level 15 in Throwing
 50594 | Vaults:1 | Found Zeridaz's Armour Shoppe.
 50887 | Vaults:1 | Received a gift from Trog
 51651 | Vaults:2 | Reached XP level 21. HP: 180/184 MP: 20/20
 52081 | Vaults:2 | Received a gift from Trog
 52284 | Vaults:2 | Noticed Norris
 52303 | Vaults:2 | Killed Norris
 52638 | Vaults:2 | Noticed Margery
 52652 | Vaults:2 | Killed Margery
 53077 | Vaults:3 | Noticed Zenata
 53089 | Vaults:3 | Killed Zenata
 53485 | Vaults:3 | Found Offepneg's Distillery.
 53588 | Vaults:3 | Received a gift from Trog
 53735 | Vaults:3 | Reached skill level 15 in Armour
 53972 | Vaults:3 | Identified the +3 scale mail "Qod Nuho" {Fly rF+ Regen+}
 54189 | Vaults:3 | Noticed Xtahua
 54209 | Vaults:3 | Paralysed by Xtahua for 5 turns
 54227 | Vaults:3 | Killed Xtahua
 54419 | Vaults:3 | Found a staircase to the Crypt.
 54419 | Vaults:3 | Found an ancient bone altar of Kikubaaqudgha.
 54420 | Vaults:3 | Found a basalt altar of Yredelemnul.
 55190 | Vaults:4 | Paralysed by a formless jellyfish for 1 turns
 55631 | Vaults:4 | Received a gift from Trog
 55695 | Vaults:4 | Identified the +4 great mace of Efa Adghe {elec, Str+6}
 55866 | Vaults:4 | Found Reppulas's Book Shop.
 56036 | Vaults:4 | Reached XP level 22. HP: 182/198 MP: 21/21
 56036 | Vaults:4 | Noticed Sojobo
 56069 | Vaults:4 | Killed Sojobo
 57174 | Orc:2    | Bought a scroll of teleportation for 114 gold pieces
 57174 | Orc:2    | Bought a scroll of teleportation for 114 gold pieces
 57174 | Orc:2    | Bought a scroll of enchant weapon for 285 gold pieces
 57325 | Elf:3    | Bought a potion of curing for 51 gold pieces
 57325 | Elf:3    | Bought a potion of resistance for 170 gold pieces
 57325 | Elf:3    | Bought a scroll of fog for 68 gold pieces
 57719 | Vaults:3 | Bought a potion of haste for 210 gold pieces
 57719 | Vaults:3 | Bought 2 potions of might for 168 gold pieces
 57719 | Vaults:3 | Bought a potion of invisibility for 168 gold pieces
 57887 | Depths:1 | Entered Level 1 of the Depths
 57887 | Depths:1 | Found a one-way gateway to a ziggurat.
 57984 | Depths:1 | Received a gift from Trog
 58823 | Depths:1 | Found a gateway to Hell.
 59328 | Depths:1 | Found an iron altar of Okawaru.
 59697 | Depths:2 | Reached skill level 15 in Dodging
 59844 | Depths:2 | Received a gift from Trog
 59869 | Depths:2 | Noticed a juggernaut
 59895 | Depths:1 | HP: 4/199 [juggernaut (25)]
 60262 | Depths:1 | Killed a juggernaut
 60374 | Depths:2 | Noticed a juggernaut
 60392 | Depths:2 | Killed a juggernaut
 60478 | Depths:2 | Identified the +2 trident of Inquiry {protect, rF+ Str+3
                  | Dex+2}
 60480 | Depths:2 | Identified the staff of the Inferno {rElec Str-2 Int+3 Conj
                  | Air}
 60484 | Depths:2 | Identified the +4 robe of Resilience {rPois rN+++ Str-5
                  | Dex-3}
 60484 | Depths:2 | Noticed Boris
 60587 | Depths:1 | Killed Boris
 61141 | Abyss:3  | Cast into level 3 of the Abyss (an occultist)
 61159 | Abyss:3  | Found a corrupted altar of Lugonu.
 61177 | Abyss:3  | Found a corrupted altar of Lugonu.
 61436 | Depths:2 | Escaped the Abyss
 61462 | Depths:2 | Found a one-way gate to the infinite horrors of the Abyss.
 61510 | Depths:2 | Found a one-way gate leading to the halls of Pandemonium.
 61673 | Depths:2 | Received a gift from Trog
 61834 | Depths:2 | Reached skill level 10 in Evocations
 61845 | Depths:2 | Reached XP level 23. HP: 174/206 MP: 22/22
 62325 | Depths:3 | Noticed Jajuenucs's ghost (veteran GnWn)
 62326 | Depths:3 | Found a runed translucent door.
 62485 | Depths:3 | Identified the +12 glaive of Yredelemnul {freeze, Stlth+}
 62779 | Depths:3 | You are sucked into a shaft and drop 1 floor!
 62779 | Depths:4 | Entered Level 4 of the Depths
 63434 | Depths:3 | Received a gift from Trog
 64483 | Depths:4 | Found a radiant altar of Vehumet.
 64484 | Depths:4 | Noticed a caustic shrike
 64485 | Depths:4 | Noticed a caustic shrike
 64491 | Depths:4 | Killed a caustic shrike
 64498 | Depths:4 | Killed a caustic shrike
 64542 | Depths:4 | Got Sif Muna's Volume of Embers
 64999 | Depths:4 | Found a gate to the Realm of Zot.
 65482 | Zot:1    | Entered Level 1 of the Realm of Zot
 66027 | Zot:1    | Noticed a curse toe
 66046 | Zot:1    | Killed a curse toe
 66313 | Zot:1    | You are sucked into a shaft and drop 1 floor!
 66988 | Zot:2    | Received a gift from Trog
 67501 | Zot:2    | Noticed a Killer Klown
 67578 | Zot:2    | Killed a Killer Klown
 68342 | Orc:2    | Bought 2 throwing nets for 84 gold pieces
 68342 | Orc:2    | Bought a throwing net for 42 gold pieces
 68811 | Zot:2    | Reached XP level 24. HP: 140/218 MP: 22/22
 69142 | Zot:2    | Found Lotung's CLEARANCE SALE!.
 69173 | Zot:2    | Identified the ring of Tavegati {Ice SInv}
 69173 | Zot:2    | Noticed Josephina
 69194 | Zot:2    | Killed Josephina
 69378 | Zot:2    | Found a stormy altar of Qazlal.
 69632 | Zot:3    | Identified the +11 war axe of War {flame, ^Drain rElec rN+
                  | Dex+3} (Trog gifted it to you on level 3 of the Realm of
                  | Zot)
 69632 | Zot:3    | Received a gift from Trog
 70206 | Zot:3    | Identified the storm talisman of Mufu {Dex+3}
 70331 | Zot:3    | Noticed a shard shrike
 70609 | Zot:3    | Killed a shard shrike
 71468 | Zot:4    | Noticed a Killer Klown
 71496 | Zot:4    | Killed a Killer Klown
 71699 | Zot:4    | Found a runed translucent gate.
 71699 | Zot:4    | Found a runed translucent gate.
 71714 | Zot:4    | Found a runed translucent gate.
 71738 | Zot:4    | Found an opulent altar of Gozag.
 71739 | Zot:4    | Noticed Pessaschasee's ghost (legendary HOFi)
 71740 | Zot:4    | Found Kuuremuu's Assorted Antiques.
 72285 | Zot:4    | HP: 5/216 [Pessaschasee's ghost (30)]
 72286 | Zot:4    | Killed from afar by a quicksilver dragon

Illustrated notes

Levels and vault maps discovered:
D:1:      enne_arrival_octagon_isle, layout_basic
D:2:      layout_loops_ring, serial_shops, nicolae_shop_back_alley_shop,
          dk_noncrumbling_3
D:3:      layout_rooms, hellmonk_ecumenical_altar_crossroads, uniq_ijyb,
          uniq_sigmund
D:4:      layout_basic, temple_green, gup_sewer_entry_spiral, uniq_natasha
D:5:      layout_basic, nicolae_ossuary_entry_false_entrances
D:6:      layout_basic, uniq_eustachio, uniq_jeremiah, uniq_edmund
D:7:      layout_basic, kennysheep_mini_moat, gammafunk_ghost_arena,
          grunt_ministairs_13
D:8:      layout_loops_cross
D:9:      layout_gridville, zombieorc2_lemuel
D:10:     layout_basic, nicolae_hepliaklqana_hippocampus,
          mainiacjoe_overflow_alcove_2
D:11:     regret_index_early_branch_jog, layout_basic,
          grunt_lair_entry_orc_guard_hut, uniq_nergalle, uniq_maurice
D:12:     layout_roguey, nicolae_guarded_unrand_storm_shield, uniq_frances
D:13:     evilmike_makhleb_hellhole, layout_basic, gammafunk_ghost_spectres,
          serial_shops, nicolae_shop_just_a_little_nook
D:14:     layout_irregular_city, hangedman_vaults_entry_quadrant_bands,
          nicolae_wwwww, nicolae_shop_distant_corner_stores,
          kennysheep_kite_vault, uniq_azrael
D:15:     hangedman_depths_entry_civil_slaughter, layout_basic,
          minmay_misc_feat_more_columns, tso_oasis_becter
Temple:   compressed_dpeg_triangle_lava_temple
Lair:1:   layout_gridlike, wad_woods_03, lemuel_fruit_fields
Lair:2:   layout_hall_layers, mainiacjoe_swamp_entry_lozenge_pond,
          guppyfry_snake_entry_island, gauntlet_entry_generic,
          chequers_serial_rivers_room_b, minmay_shattered_shrine
Lair:3:   layout_big_grid
Lair:4:   layout_hall_layers, slime_entry_1, nicolae_volcano_entry_s_turn
Lair:5:   due_jungle_book, layout_gridlike, nicolae_lair_run_with_the_wolves,
          uniq_urug
Swamp:1:  tekkud_swamp_unearthing_site, layout_basic_swamp,
          hangedman_swamp_ruin_wall, nicolae_swamp_some_circles
Swamp:2:  layout_falls_marsh, evilmike_swamp_ruin_house_4
Swamp:3:  layout_basic_swamp, evilmike_swamp_ruin_house_3,
          nicolae_swamp_tree_isthmus, infiniplex_staircase_pool_2, uniq_mara
Swamp:4:  swamp_icy, layout_basic_swamp, nicolae_swamp_decorative_isthmus,
          infiniplex_staircase_pool
Snake:1:  layout_onion, basic_altar
Snake:2:  layout_cave_pods, serial_shops, nicolae_shop_overgrown_old_shop,
          uniq_vashnia, uniq_mlioglotl
Snake:3:  nicolae_snakescales, layout_misc_corridors, basic_altar, uniq_aizul
Snake:4:  grunt_snake_rune_spirals, layout_onion_interference, serial_shops,
          shop, nicolae_snake_omega, uniq_roxanne
Orc:1:    layout_caves
Orc:2:    st_orc_ogre_mass, layout_diamond_mine, portal_ice_cave_entry_imps,
          nicolae_shop_firing_range
Elf:1:    nicolae_elf_arrival_fired_up, layout_geoelf_octagon, serial_shops,
          nicolae_take_the_stairs, nicolae_elf_blasts_and_bolts, st_stairs_11,
          drop_trap
Elf:2:    nicolae_elf_blades_crystal_corner, layout_geoelf_diagonals
Elf:3:    minmay_elf_hall_furrowed, layout_geoelf_octagon, serial_shops,
          shop_statue, uniq_bai_suzhen, uniq_donald, uniq_saint_roka
Vaults:1: nicolae_vaults_specimen_jars, nicolae_vaults_wine_cellar,
          hangedman_vaults_stitches, nicolae_vaults_spaceships, v_misc_19,
          hangedman_vaults_trim, v_pattern_3, v_misc_2,
          nicolae_vaults_tetromino_Z_2, layout_vaults_omnicross, serial_shops,
          nicolae_shop_mannequins
Vaults:2: v_alt_pattern_6, nicolae_vaults_little_squares_6,
          nicolae_vaults_double_plus_1, v_misc_2, nicolae_vaults_minivaults,
          vaults_dpeg_encased_lava, ontoclasm_vaults_ring_small,
          layout_vaults_omnigrid, uniq_norris, uniq_margery
Vaults:3: st_check, nicolae_vaults_apartment_2,
          nicolae_vaults_trapezoid_layered, nicolae_vaults_diagonal_hallway_6,
          minmay_crypt_entry_necro_gods, hangedman_vaults_nails,
          nicolae_vaults_circle_grid_a, nicolae_vaults_network_star,
          ontoclasm_vaults_gateway, nicolae_vaults_tetromino_Z_1,
          vaults_room_octagon, nicolae_vaults_surprise_closet,
          nicolae_vaults_apartment_2, nicolae_vaults_tetromino_Z_1,
          nicolae_vaults_little_squares_4, v_misc_1, nicolae_vaults_rhombus_7,
          nicolae_vaults_house_3, nicolae_vaults_closet_pinwheel_4,
          layout_vaults_omnibox, serial_shops, nicolae_shop_real_fake_doors,
          uniq_xtahua, uniq_zenata
Vaults:4: v_misc_10, nicolae_vaults_weapon_check, vaults_mumra_minichess,
          hangedman_vaults_pinch, nicolae_vaults_swerve, vaults_room_octagon,
          vaults_room_door_hall, nicolae_vaults_network_quinsquares
          [nicolae_vaults_network_quincunx_subvault,
          nicolae_vaults_network_quincunx_subvault,
          nicolae_vaults_network_quincunx_subvault,
          nicolae_vaults_network_quincunx_subvault], vaults_room_pools,
          nicolae_vaults_shipping_containers_7, nicolae_vaults_two_Ls,
          layout_vaults_ring, serial_shops, shop, uniq_sojobo
Depths:1: layout_twisted_cross, enter_ziggurat_c, grunt_hell_horde, st_stairs_9,
          minivault_16, okawaru_trees_2
Depths:2: grunt_x_marks_the_spot, layout_basic, minmay_misc_feat_rugged,
          rand_demon_pan_entry_7, hell_entry,
          nicolae_abyss_entry_one_way_or_another, uniq_boris
Depths:3: minmay_chopped_fan, layout_basic, hell_entry, abyss_entry,
          hellmonk_ghost_happy_afterlife, grunt_pan_entry_sceptre,
          minmay_stone_trees_small
Depths:4: grunt_bruiser_brothers, layout_basic, hell_entry,
          hangedman_abyss_or_decor_jellyfish_corner, serial_glass,
          glass_columns_a, glass_columns_c, due_unseen_surprise,
          unseen_surprise_small, feat_on_display, minmay_strange_pillars,
          argonaut_fire_from_heaven
Zot:1:    layout_gridville
Zot:2:    layout_misc_corridors, regret_index_zotdec_storm_pass,
          nicolae_shop_clearance, uniq_josephina
Zot:3:    layout_onion_interference, st_stairs_4,
          hangedman_elemental_grid_stream
Zot:4:    layout_gridlike, regret_index_zotdec_onion_hex, ebering_ghost_gozag

Skill      XL: |  1  2  3  4  5  6  7  8  9 10 11 12 13 14 15 16 17 18 19 20 21 22 23 24 |
---------------+-------------------------------------------------------------------------+-----
Fighting       | 4 6 9 13 15 16 18 20 21 23 24 25 | 25.7
Axes           | 4 5 6 9 12 14 16 18 | 18.0
Armour         | 3 4 6 7 8 10 12 13 16 17 19 20 | 20.1
Dodging        | 3 5 8 10 11 14 15 17 18 | 18.0
Throwing       | 1 2 3 4 5 8 10 13 15 16 | 16.0
Evocations     | 1 2 3 4 6 8 10 11 12 | 12.7
Maces & Flails | 2 |  2.1
Shields        | 13 18 22 25 | 25.0

Action                     |  1- 3 |  4- 6 |  7- 9 | 10-12 | 13-15 | 16-18 | 19-21 | 22-24 || total
---------------------------+-------+-------+-------+-------+-------+-------+-------+-------++-------
  Melee: Hand axe          |    98 |   143 |    21 |   271 |       |       |       |       ||   533
         Headbutt          |     9 |    24 |    89 |   116 |   238 |   261 |   378 |   426 ||  1541
         Punch             |     1 |     1 |     6 |     9 |       |       |       |       ||    17
         War axe           |       |       |   371 |   146 |       |       |       |       ||   517
         Demon whip        |       |       |       |   169 |   266 |     2 |    29 |    38 ||   504
         Broad axe         |       |       |       |       |   694 |  1158 |  1424 |  1353 ||  4629
         Unarmed           |       |       |       |       |       |       |    11 |     4 ||    15
  Throw: Dart              |       |       |     6 |     4 |       |     3 |     5 |     1 ||    19
         Javelin           |       |       |       |       |       |     1 |    11 |     8 ||    20
 Invoke: Berserk           |       |     1 |     1 |     5 |     2 |       |     3 |     3 ||    15
         Trog's Hand       |       |       |       |       |     2 |     5 |     8 |     7 ||    22
         Brothers in Arms  |       |       |       |       |     1 |     4 |     2 |     4 ||    11
  Evoke: Wand              |       |     2 |     7 |     2 |     3 |    26 |    11 |    19 ||    70
         Phial of floods   |       |       |       |       |       |       |     1 |       ||     1
    Use: Scroll            |     3 |     2 |     2 |     7 |    18 |    15 |    12 |    10 ||    69
         Potion            |       |       |     1 |     3 |     1 |       |     8 |     4 ||    17
   Stab: Invisible         |       |       |       |       |     2 |     1 |     3 |       ||     6
         Confused          |       |       |       |       |       |       |     2 |       ||     2
 Armour: Animal skin       |    11 |       |       |       |       |       |       |       ||    11
         Chain mail        |    52 |   103 |   131 |   398 |   145 |   195 |       |       ||  1024
         Plate armour      |       |       |   199 |    23 |    49 |   174 |       |       ||   445
         Leather armour    |       |       |       |       |     8 |       |       |       ||     8
         Scale mail        |       |       |       |       |   182 |       |       |       ||   182
         Gold dragon scale |       |       |       |       |       |   108 |   617 |   805 ||  1530
         Skin              |       |       |       |       |       |       |     7 |       ||     7
  Dodge: Dodged            |    43 |    78 |   189 |   215 |   151 |   162 |   159 |   230 ||  1227
  Block: Tower shield      |       |       |       |     4 |   972 |  1354 |   556 |       ||  2886
         Reflection        |       |       |       |       |    44 |   195 |    96 |    29 ||   364
         Kite shield       |       |       |       |       |       |       |   745 |  1246 ||  1991
         Other             |       |       |       |       |       |       |     2 |       ||     2

Table legend: (Time is in decaauts)
 A = Elapsed time spent in this place.
 B = Non-inter-level travel time spent in this place.
 C = Inter-level travel time spent in this place.
 D = Time resting spent in this place.
 E = Time spent auto-exploring this place.
 F = Levels seen in this place.
 G = Mean time per level.
                   A        B        C        D        E       F      G
               +--------+--------+--------+--------+--------+-----+--------+
         Total |  71280 |  64822 |   6458 |  20866 |  30068 |  53 | 1344.9 |
       Dungeon |  20557 |  18592 |   1965 |   6241 |   8679 |  15 | 1370.5 |
        Temple |      1 |      1 |      0 |      0 |      0 |   1 |    1.0 |
          Lair |   7214 |   6424 |    790 |   1325 |   3785 |   5 | 1442.8 |
         Swamp |   5169 |   4949 |    220 |   2030 |   1872 |   4 | 1292.2 |
     Snake Pit |   5352 |   4582 |    770 |    832 |   2322 |   4 | 1338.0 |
  Orcish Mines |   2436 |   1677 |    759 |    450 |    845 |   2 | 1218.0 |
   Elven Halls |   6535 |   5822 |    713 |   2211 |   2371 |   3 | 2178.3 |
        Vaults |   6889 |   6446 |    443 |   1751 |   3443 |   4 | 1722.2 |
        Depths |   6780 |   6197 |    583 |   1584 |   3438 |   4 | 1695.0 |
           Zot |   5853 |   5644 |    209 |   2760 |   1953 |   4 | 1463.2 |
         Abyss |    754 |    754 |      0 |    291 |    146 |   2 |  377.0 |
         Sewer |    821 |    821 |      0 |    252 |    340 |   1 |  821.0 |
       Ossuary |    451 |    451 |      0 |      3 |    285 |   1 |  451.0 |
      Ice Cave |   1002 |   1002 |      0 |    435 |    334 |   1 | 1002.0 |
       Volcano |    531 |    531 |      0 |    179 |    116 |   1 |  531.0 |
      Gauntlet |    929 |    929 |      0 |    516 |    137 |   1 |  929.0 |
               +--------+--------+--------+--------+--------+-----+--------+

Top non-repeatable levels by time:
    D:11: 3577 daAuts
 Snake:4: 2793 daAuts
   Elf:3: 2654 daAuts
  Lair:2: 2360 daAuts
Vaults:3: 2330 daAuts
  Lair:5: 2223 daAuts
   Elf:2: 2021 daAuts
Depths:1: 1924 daAuts
   Elf:1: 1859 daAuts
   Orc:2: 1849 daAuts
   Zot:3: 1792 daAuts
    D:14: 1784 daAuts
    D:13: 1771 daAuts
    D:10: 1749 daAuts
   Zot:1: 1740 daAuts
